 Dungeon Crawl Stone Soup version 0.28-a0-410-gbef64dd269 (webtiles) character file.

Game seed: 11413536491663296959

1053 jasper the Insei (level 8, -2/54 HPs)
             Began as a Demonspawn Transmuter on Sept 6, 2021.
             Was an Initiate of Cheibriados.
             Slain by Blork the orc (12 damage)
             ... on level 5 of the Dungeon.
             The game lasted 00:14:03 (7172 turns).

jasper the Insei (Demonspawn Transmuter)            Turns: 7172, Time: 00:14:03

Health: -2/54      AC:  2    Str: 11    XL:     8   Next: 5%
Magic:  4/11       EV: 21    Int: 24    God:    Cheibriados [......]
Gold:   162        SH:  5    Dex: 20    Spells: 5/11 levels left

rFire   . . .      SeeInvis .     - Unarmed
rCold   . . .      Faith    .   (shield currently unavailable)
rNeg    . . .      Spirit   .   (armour currently unavailable)
rPois   x          Reflect  +   (helmet currently unavailable)
rElec   .          Harm     .   (cloak currently unavailable)
rCorr   .          Rampage  .   (gloves currently unavailable)
Will    +....                   (boots currently unavailable)
Stlth   ++........              u - amulet of reflection
HPRegen 0.18/turn               n - +6 ring of intelligence
MPRegen 0.24/turn               q - ring of willpower

@: spider-form, wereblooded, very slow
A: venomous fangs, tiny, repulsion field 1, magic regeneration, demonic magic 1
a: End Transformation, Renounce Religion, Bend Time


You were on level 5 of the Dungeon.
You worshipped Cheibriados.
Cheibriados was noncommittal.
You were a venomous arachnid creature.
You visited 2 branches of the dungeon, and saw 6 of its levels.

You collected 218 gold pieces.
You spent 56 gold pieces at shops.

Inventory:

Missiles
 c - 199 stones
 g - 3 boomerangs of dispersal
Armour
 a - a +0 robe
 i - a +0 leather armour (melded)
Jewellery
 k - an amulet of faith
 n - a +6 ring of intelligence (left front leg)
 q - a ring of willpower (right front leg)
 u - an amulet of reflection (around neck)
Wands
 d - a wand of iceblast (3)
 s - a wand of paralysis (10)
Scrolls
 l - 2 scrolls of teleportation
 r - a scroll of amnesia
 t - a scroll of immolation {unknown}
 v - a scroll of vulnerability {unknown}
Potions
 b - a potion of flight
 e - a potion of resistance
 f - a potion of brilliance
 h - 3 potions of ambrosia {unknown}
 j - a potion of berserk rage {unknown}
 m - a potion of lignification {unknown}
 o - 2 potions of curing {unknown}
 p - 2 potions of heal wounds {unknown}


   Skills:
 + Level 1.4 Fighting
 + Level 2.1 Dodging
 + Level 7.3 Unarmed Combat
 - Level 2.0 Spellcasting
 - Level 5.0 Transmutations
 * Level 2.0 Invocations


You had 5 spell levels left.
You knew the following spells:

 Your Spells              Type           Power      Damage    Failure   Level
a - Beastly Appendage     Tmut           52%        N/A       7%          1
b - Wereblood             Tmut           26%        N/A       9%          2
c - Spider Form           Tmut/Pois      7%         N/A       30%         3

Your spell library contained the following spells:

 Spells                   Type           Power      Damage    Failure   Level
 Magic Dart               Conj           8%         1d3       28%         1
 Shock                    Conj/Air       8%         1d3       28%         1
 Call Imp                 Summ           2%         N/A       38%         2
 Sublimation of Blood     Necr           1%         N/A       38%         2
 Mephitic Cloud           Conj/Pois/Air  2%         N/A       56%         3
 Swiftness                Air            2%         N/A       56%         3
 Ice Form                 Ice/Tmut       14%        N/A       61%         4
 Airstrike                Air            1%         N/A       89%         4
 Summon Hydra             Summ           1%         N/A       100%        7


Dungeon Overview and Level Annotations

Branches:
Dungeon (5/15)             Temple (1/1) D:5

Altars:
Ashenzari
Cheibriados
Dithmenos
Elyvilon
Gozag
Hepliaklqana
Kikubaaqudgha
Nemelex Xobeh
Okawaru
Ru
Trog
Uskayaw
Yredelemnul
Zin
The Shining One

Shops:
D:5 *

Annotations:
D:5 Blork the orc


Innate Abilities, Weirdness & Mutations

You are a venomous arachnid creature.
You have poisonous fangs.
You are tiny and dextrous.
Your spellcasting is less reliable in this form.
Your armour is entirely melded.
You are incapable of wielding weapons or throwing items.
You are surrounded by a mild repulsion field. (EV +2)
You regenerate magic rapidly.
Spells you cast may paralyse adjacent enemies.


Message History

You feel agile.
Your demonic ancestry asserts itself...
Your magic begins to regenerate rapidly.
You take 3 damage, and have 31/54 hp.
Casting: Spider Form (dangerous; 30% risk of failure)
Confirm with . or Enter, or press ? or * to list all spells.
Your blood is infused with primal strength.
Malevolent energies surge around you.
Blork the orc hits you with a +0 hand axe!
You take 11 damage, and have 20/54 hp.
MASSIVE DAMAGE!!
You now have 5/11 mp.
Casting: Wereblood (safe; 9% risk of failure)
Confirm with . or Enter, or press ? or * to list all spells.
Your blood is freshly infused with primal strength!
Malevolent energies surge around you.
Blork the orc suddenly stops moving!
You now have 3/11 mp.
The helpless Blork the orc fails to defend himself.
You bite Blork the orc!
Blork the orc is poisoned.
Blork the orc is moderately wounded.
The helpless Blork the orc fails to defend himself.
You hit Blork the orc.
Blork the orc looks as sick as possible!
Blork the orc is heavily wounded.
Blork the orc is no longer paralysed.
Blork the orc screams, "I'll cover the dungeon with your blood!"
Blork the orc closely misses you.
You hit Blork the orc but do no damage.
Blork the orc is heavily wounded.
Blork the orc barely misses you.
You hit Blork the orc.
Blork the orc looks as sick as possible!
Blork the orc is severely wounded.
Blork the orc hits you with a +0 hand axe.
You take 1 damage, and have 20/54 hp.
You hit Blork the orc.
Blork the orc looks as sick as possible!
Blork the orc is almost dead.
Blork the orc casts a spell at you. The puff of frost hits you!
* * * LOW HITPOINT WARNING * * *
Blork the orc hits you with a +0 hand axe!
You die...

...# #.?........ ####
#.......... #>.........
#.......... #...o......
#..(....... #..........
###############......<...
#...........so'..........
#)#############..........
#.# #######.... #.#
.####### #.# #..<..# #.#
#...#.# #.# #.#####.# #.#
#.......# #.# #########


You could see Blork the orc (fast, extremely poisoned).

Vanquished Creatures
  A black bear (D:5)
  An ogre (D:5)
  A necrophage (D:5)
  2 phantoms
  2 bullfrogs
  2 scorpions
  A water moccasin skeleton (D:4)
  A jelly (D:5)
  An orc priest (D:5)
  Jessica (D:2)
  2 orc wizards
  A centaur skeleton (D:4)
  2 iguanas (D:5)
  6 adders
  An adder skeleton (D:4)
  A worm (D:2)
  3 dart slugs
  10 orcs
  8 ball pythons
  4 endoplasms
  2 giant cockroaches
  9 goblins
  5 hobgoblins
  4 jackals (D:1)
  2 quokkas
  4 bats
  2 frilled lizards
  3 kobolds
  5 rats
87 creatures vanquished.

Notes
Turn   | Place    | Note
-------+----------+-------------------------------------------
     0 | D:1      | jasper the Demonspawn Transmuter began the quest for the
                  | Orb.
     0 | D:1      | Reached XP level 1. HP: 15/15 MP: 3/3
   258 | D:1      | Reached skill level 3 in Unarmed Combat
   269 | D:1      | Found a faded altar of an unknown god.
   350 | D:1      | Gained mutation: You are surrounded by a mild repulsion
                  | field. (EV +2) [demonic ancestry]
   350 | D:1      | Reached XP level 2. HP: 20/21 MP: 3/5
   369 | D:1      | Learned a level 2 spell: Wereblood
   968 | D:1      | Reached XP level 3. HP: 12/26 MP: 4/6
   972 | D:1      | Learned a level 3 spell: Spider Form
  1174 | D:1      | Reached skill level 4 in Unarmed Combat
  2281 | D:2      | Noticed Jessica
  2297 | D:2      | Killed Jessica
  2298 | D:2      | Reached XP level 4. HP: 25/32 MP: 5/7
  3174 | D:3      | Noticed a bullfrog
  3177 | D:3      | Killed a bullfrog
  3178 | D:3      | Reached skill level 5 in Unarmed Combat
  3178 | D:3      | Reached XP level 5. HP: 37/37 MP: 8/8
  4056 | D:4      | Reached skill level 6 in Unarmed Combat
  4205 | D:4      | Reached XP level 6. HP: 43/43 MP: 7/9
  5066 | D:4      | Reached skill level 7 in Unarmed Combat
  5629 | D:5      | Entered Level 5 of the Dungeon
  5629 | D:5      | Found a staircase to the Ecumenical Temple.
  5638 | Temple   | Entered the Ecumenical Temple
  5715 | Temple   | Became a worshipper of Cheibriados the Contemplative
  5831 | D:5      | Gained mutation: Spells you cast may paralyse adjacent
                  | enemies. [demonic ancestry]
  5831 | D:5      | Reached XP level 7. HP: 35/48 MP: 10/10
  6470 | D:5      | Found Yphiabeg's General Store.
  6474 | D:5      | Bought a scroll of identify for 28 gold pieces
  6474 | D:5      | Bought a scroll of identify for 28 gold pieces
  6868 | D:5      | Reached skill level 5 in Transmutations
  7041 | D:5      | Reached skill level 1 in Invocations
  7155 | D:5      | Noticed Blork the orc
  7166 | D:5      | Gained mutation: You regenerate magic rapidly. [demonic
                  | ancestry]
  7166 | D:5      | Reached XP level 8. HP: 31/54 MP: 7/11
  7172 | D:5      | Slain by Blork the orc

Illustrated notes

Levels and vault maps discovered:
D:1:      mrwooster_arrival_arrow, layout_rooms,
          hellmonk_ecumenical_altar_lost_god, lemuel_another_geyser
D:2:      layout_loops_ring, uniq_jessica
D:3:      layout_rooms
D:4:      layout_basic
D:5:      layout_basic, minmay_temple_entry_gardened_gates, serial_shops,
          nicolae_shop_competitors_out_of_business, corexii_checkpoint_a,
          uniq_blork_the_orc
Temple:   regret_index_temple_chain_breaker

Skill      XL: |  1  2  3  4  5  6  7 |
---------------+----------------------+-----
Unarmed Combat | 3 4 5 6 7 |  7.3
Transmutations | 2 5 |  5.0
Invocations    | 2 |  2.0
Dodging        | 2 |  2.1
Fighting       | |  1.4
Spellcasting   | |  2.0

Action                   |  1- 3 |  4- 6 |  7- 9 || total
-------------------------+-------+-------+-------++-------
Melee: Unarmed           |    88 |   122 |    53 ||   263
       Kick              |    19 |    18 |     9 ||    46
       Headbutt          |     6 |    14 |     3 ||    23
       Punch             |     1 |     2 |     1 ||     4
Throw: Stone             |    36 |    52 |     1 ||    89
 Cast: Beastly Appendage |    22 |    29 |     6 ||    57
       Spider Form       |       |       |     6 ||     6
       Wereblood         |       |       |     2 ||     2
Evoke: Wand              |       |     6 |     2 ||     8
  Use: Scroll            |       |     6 |     2 ||     8
 Stab: Paralysed         |       |       |     8 ||     8
Armor: Robe              |    12 |     3 |       ||    15
       Leather armour    |       |     5 |     7 ||    12
       Skin              |       |       |     2 ||     2
Dodge: Dodged            |    61 |    70 |    20 ||   151

Table legend: (Time is in decaauts)
 A = Elapsed time spent in this place.
 B = Non-inter-level travel time spent in this place.
 C = Inter-level travel time spent in this place.
 D = Time resting spent in this place.
 E = Time spent auto-exploring this place.
 F = Levels seen in this place.
 G = Mean time per level.
                   A        B        C        D        E       F      G
               +--------+--------+--------+--------+--------+-----+--------+
         Total |   7314 |   6952 |    362 |   2345 |   3435 |   6 | 1219.0 |
       Dungeon |   7221 |   6873 |    348 |   2345 |   3373 |   5 | 1444.2 |
        Temple |     92 |     78 |     14 |      0 |     62 |   1 |   92.0 |
               +--------+--------+--------+--------+--------+-----+--------+

Top non-repeatable levels by time:
     D:4: 1876 daAuts
     D:2: 1689 daAuts
     D:5: 1426 daAuts
     D:1: 1213 daAuts
     D:3: 1015 daAuts
  Temple: 92 daAuts
